Map: Lightshade LE

Players

EndlessTv

  • Race: Terran Terran
  • League: Master
  • Spawn Location: 11:00

MCannix - Winner!

  • Race: Terran Terran
  • League: Master
  • Spawn Location: 5:00

VOD

Have the link to the VOD?

Description

Time

  • Played on: March 26, 2021, 1:07 a.m.
  • Length: 14:23
Show
View Real Time Build Order
Export as new Build Order

EndlessTv Terran 

Build Orders:  

Get SALT Encoding   

  12  0:00  SCV  
  13  0:12  SCV  
  14  0:17  Supply Depot  
  14  0:24  SCV  
  14  0:28  Refinery  
  15  0:38  SCV  
  16  0:45  Barracks  
  16  0:50  SCV  
  16  0:55  Refinery  
  17  1:02  SCV  
  18  1:15  SCV  
  19  1:33  Reaper, Orbital Command  
  19  1:37  Factory  
  20  1:45  Supply Depot  
  20  2:01  Bunker  
  20  2:04  SCV  
  20  2:05  Reaper  
  22  2:21  Hellion  
  23  2:37  SCV  
  23  2:38  Reaper  
  25  2:48  Command Center  
  25  2:50  SCV  
  26  2:55  Hellion  
  28  3:02  SCV  
  29  3:11  Barracks Reactor  
  29  3:14  SCV  
  29  3:17  Factory Tech Lab  
  30  3:23  Supply Depot x2  
  30  3:26  SCV  
  29  3:45  Supply Depot  
  29  3:50  Marine  
  30  3:59  Cyclone, SCV  
  30  4:00  Orbital Command  
  34  4:08  Marine  
  35  4:11  SCV  
  36  4:25  SCV x2  
  36  4:26  Marine  
  39  4:32  Cyclone  
  39  4:37  SCV  
  43  4:39  Starport, Orbital Command  
  43  4:41  Barracks  
  43  4:44  Barracks  
  43  4:49  SCV  
  43  4:52  Supply Depot  
  44  4:56  Marine  
  45  5:01  SCV  
  45  5:04  Siege Tank  
  49  5:09  SCV  
  49  5:13  SCV  
  52  5:21  SCV  
  52  5:23  Starport Tech Lab  
  52  5:25  SCV  
  52  5:27  Barracks Reactor  
  53  5:30  Supply Depot  
  53  5:31  Barracks Reactor  
  53  5:32  Barracks Reactor  
  53  5:34  SCV  
  54  5:36  Siege Tank  
  54  5:37  SCV  
  54  5:39  Supply Depot  
  58  5:53  SCV  
  56  6:04  Raven, SCV  
  56  6:08  SCV  
  56  6:10  Marine x2  
  61  6:16  SCV  
  62  6:18  Marine  
  62  6:19  Marine x3  
  62  6:22  SCV  
  67  6:28  Marine x2, SCV  
  67  6:29  Barracks  
  70  6:33  Barracks  
  70  6:35  SCV  
  70  6:36  Marine x2  
  70  6:37  Marine, Supply Depot  
  74  6:40  Command Center  
  74  6:41  Refinery, SCV  
  75  6:47  SCV  
  75  6:50  Marine x2  
  78  6:59  Raven, Supply Depot, SCV x2  
  78  7:00  Supply Depot  
  82  7:02  Marine x3  
  82  7:07  Marine  
  86  7:20  Marine x4  
  86  7:21  SCV  
  59  7:38  Marine x3  
  59  7:42  SCV  
  60  7:53  Marine  
  60  7:54  Marine x2  
  60  7:56  Marine  
  62  7:59  Barracks Reactor  
  62  8:02  Starport Reactor  
  59  8:13  Marine  
  59  8:15  Marine x2  
  59  8:16  Stimpack  
  59  8:18  Siege Tank  
  59  8:19  SCV  
  65  8:20  SCV  
  65  8:25  Refinery  
  66  8:27  Engineering Bay  
  66  8:28  Engineering Bay  
  66  8:30  Marine x2  
  66  8:31  Marine x2  
  66  8:32  SCV x2  
  72  8:35  Marine x2  
  72  8:37  Marine x2  
  72  8:40  Marine  
  75  8:48  Marine x3  
  75  8:49  Marine  
  75  8:53  Marine  
  75  8:59  SCV  
  75  9:00  Marine, Medivac  
  75  9:01  Marine, Medivac  
  82  9:03  Marine x2  
  82  9:05  SCV  
  82  9:06  Marine x2  
  85  9:11  SCV  
  85  9:14  Marine  
  85  9:15  Marine x2  
  88  9:18  Marine, SCV  
  88  9:23  SCV  
  88  9:24  Terran Infantry Weapons Level 1  
  91  9:26  Marine x4  
  91  9:30  SCV  
  96  9:35  Marine x2, SCV  
  96  9:37  Marine  
  96  9:38  Marine x2  
  102  9:39  Terran Infantry Armor Level 1  
  102  9:44  Command Center  
  102  9:56  Combat Shield  
  102  10:05  Marine x2  
  102  10:16  Marine, SCV  
  102  10:22  Marine x2, SCV  
  102  10:47  Armory  
  102  10:50  Marine, SCV x2  
  102  10:52  Marine x2  
  102  10:55  Marine x6, Medivac x2  
  102  10:56  Siege Tank  
  115  10:58  Orbital Command  
  115  11:02  SCV x2  
  117  11:10  Supply Depot x2  
  117  11:21  Supply Depot  
  117  11:23  Marine  
  117  11:26  Marine x3  
  117  11:28  Marine x2  
  117  11:31  Siege Tank  
  119  11:33  SCV  
  119  11:34  SCV  
  119  11:37  Command Center  
  119  11:38  Factory  
  121  11:42  Terran Infantry Weapons Level 2  
  121  11:44  SCV  
  122  11:48  Terran Infantry Armor Level 2  
  122  11:51  SCV  
  123  12:03  Siege Tank  
  123  12:06  Marine x2  
  115  12:09  Marine x4  
  97  12:23  Marine x2  
  97  12:24  Marine x3  
  97  12:26  Marine  
  97  12:27  Factory Tech Lab  
  103  12:35  Siege Tank  
  101  12:45  Marine, SCV  
  101  12:46  Marine  
  101  12:49  Command Center  
  102  12:52  Marine  
  102  12:53  Marine x4  
  102  12:54  Siege Tank  
  110  13:08  Siege Tank  
  110  13:10  Orbital Command  
  108  13:19  Marine x2  
  110  13:21  Marine x3  
  111  13:29  Marine  
  111  13:30  Marine x3  
  111  13:31  Siege Tank, Medivac x2  
  99  13:54  SCV x2  
Show
View Real Time Build Order
Export as new Build Order

MCannix Terran - Winner!

Build Orders:  

Get SALT Encoding   

  12  0:00  SCV  
  13  0:12  SCV  
  14  0:18  Supply Depot  
  14  0:24  SCV  
  15  0:40  Barracks  
  15  0:45  Refinery  
  15  0:58  Barracks  
  15  1:03  SCV  
  16  1:15  SCV  
  17  1:28  Orbital Command  
  17  1:29  Barracks Tech Lab  
  17  1:45  Barracks Tech Lab  
  17  1:47  Concussive Shells  
  17  1:54  Supply Depot  
  17  1:57  Marauder  
  17  1:58  SCV  
  20  2:06  Marauder  
  22  2:10  SCV  
  23  2:18  Marauder  
  23  2:22  SCV  
  26  2:27  Refinery  
  26  2:31  Marauder  
  26  2:34  SCV  
  29  2:40  Supply Depot  
  29  2:57  Factory  
  29  3:09  Command Center  
  29  3:12  SCV  
  30  3:25  SCV  
  31  3:38  SCV  
  31  3:40  Supply Depot  
  32  3:42  Starport  
  32  3:46  Factory Tech Lab  
  32  3:50  SCV  
  33  4:00  Barracks Reactor  
  33  4:02  SCV  
  34  4:05  Cyclone  
  37  4:14  SCV  
  38  4:19  Liberator  
  42  4:25  Orbital Command  
  42  4:26  SCV  
  42  4:32  Engineering Bay  
  42  4:37  Marine x2  
  42  4:38  SCV  
  45  4:43  Siege Tank  
  48  4:50  Orbital Command, SCV  
  49  5:01  Missile Turret  
  49  5:02  SCV  
  50  5:09  Barracks  
  50  5:11  Viking  
  52  5:14  SCV  
  52  5:16  SCV  
  52  5:20  Refinery  
  54  5:26  SCV  
  54  5:27  Siege Tank  
  54  5:28  SCV  
  59  5:36  Marine  
  59  5:38  SCV  
  59  5:39  Supply Depot  
  59  5:40  Missile Turret, SCV  
  62  5:50  Starport Reactor  
  62  6:00  Refinery, Barracks Reactor, Marine x2, Terran Infantry Weapons Level 1  
  62  6:01  Barracks Tech Lab, SCV x2  
  66  6:08  Siege Tank  
  69  6:13  Supply Depot, SCV x2  
  71  6:19  Marine x2  
  71  6:24  Barracks  
  71  6:25  SCV x2  
  75  6:30  Viking  
  77  6:35  Viking  
  77  6:37  SCV x2  
  77  6:38  Stimpack  
  81  6:45  Marine x3  
  84  6:49  SCV  
  85  7:04  Command Center  
  85  7:05  Supply Depot  
  86  7:08  SCV  
  86  7:13  Marine  
  86  7:22  Marine  
  86  7:24  Marine  
  86  7:25  Medivac  
  86  7:26  Siege Tank  
  86  7:31  Marine  
  86  7:36  Barracks Reactor  
  76  7:39  Marine  
  76  7:42  Marine  
  77  7:49  Marine  
  75  7:57  Barracks, Marine  
  76  7:58  Engineering Bay  
  76  7:59  Marine  
  76  8:00  Armory, Barracks  
  76  8:02  Medivac x2  
  81  8:06  Marine  
  76  8:15  Marine  
  76  8:17  Marine  
  78  8:24  Marine  
  79  8:28  Terran Infantry Armor Level 1  
  79  8:29  Marine, Combat Shield  
  79  8:30  Marine  
  79  8:31  Missile Turret, Siege Tank  
  79  8:33  Marine, Missile Turret  
  85  8:35  Marine  
  85  8:40  Factory  
  86  8:42  Marine  
  86  8:47  Marine x2  
  89  8:51  Marine  
  89  8:52  Missile Turret  
  89  8:53  Marine  
  89  8:54  Missile Turret  
  88  9:00  Barracks Reactor, Marine  
  86  9:05  Marine  
  86  9:06  Barracks Reactor  
  86  9:09  Terran Infantry Weapons Level 2, Missile Turret  
  87  9:10  Terran Vehicle Weapons Level 1  
  87  9:11  Orbital Command  
  87  9:12  Barracks, SCV  
  87  9:13  SCV  
  87  9:14  Barracks  
  87  9:20  Marine x3  
  90  9:25  SCV x2  
  90  9:28  Factory Tech Lab  
  92  9:35  Sensor Tower  
  92  9:37  SCV  
  93  9:39  Siege Tank  
  93  9:40  SCV x2  
  93  9:42  Sensor Tower  
  98  9:46  Marine x5  
  98  9:50  Siege Tank  
  106  9:55  SCV  
  106  9:56  Marine  
  106  9:57  Marine  
  109  10:02  Marine  
  109  10:06  Marine  
  109  10:12  Barracks Reactor  
  109  10:13  Barracks Reactor  
  109  10:14  Marine x2  
  109  10:16  Marine  
  109  10:17  Siege Tank  
  109  10:20  Supply Depot  
  109  10:21  Marine x5  
  109  10:22  Supply Depot  
  113  10:30  Marine  
  113  10:33  Medivac  
  116  10:41  Marine, Medivac  
  119  10:43  Siege Tank  
  119  10:46  Supply Depot  
  119  10:47  Marine  
  119  10:49  Siege Tank  
  124  10:50  Marine  
  124  10:54  Marine  
  105  10:57  Marine x5, Terran Infantry Armor Level 2  
  105  11:02  Refinery  
  110  11:05  Marine  
  111  11:14  Medivac  
  111  11:15  Siege Tank  
  111  11:16  SCV  
  117  11:20  Refinery, Marine x5  
  117  11:21  Siege Tank  
  117  11:23  Command Center, SCV x2  
  127  11:29  Marine x4  
  131  11:39  SCV  
  132  11:42  Missile Turret  
  132  11:44  Marine x4  
  132  11:45  Supply Depot  
  139  11:47  Marine x2, Siege Tank  
  139  11:49  SCV  
  142  12:00  Marine x3  
  145  12:07  Marine x3  
  146  12:10  SCV  
  147  12:16  Medivac x2  
  147  12:19  Siege Tank  
  139  12:24  Marine  
  140  12:30  Marine  
  140  12:33  Marine  
  140  12:36  Marine x5  
  147  12:40  Marine  
  147  12:41  Marine x2  
  138  12:47  Marine  
  138  12:58  Marine  
  138  13:03  Marine x11  
  138  13:04  Marine  
  141  13:13  Planetary Fortress  
  141  13:14  SCV x3  
  141  13:16  Marine  
  132  13:21  Marine x6  
  132  13:24  Marine  
  132  13:26  SCV x3  
  135  13:28  Siege Tank  
  135  13:30  Siege Tank, Medivac  
  142  13:36  Marine  
  142  13:38  Marine, SCV x2  
  142  13:39  Marine  
  142  13:40  Marine  
  148  13:43  Marine  
  149  13:53  Marine  
  150  13:56  Marine  
  150  13:57  Marine x3  
  150  13:58  Marine x2  
  150  13:59  SCV x2  
  150  14:00  SCV x2  
Tags
 
Matchup
TvT
Race
Terran
Spawn Locations
Cross Positions
Add a new tag
Caveats
  • Supply blocks, unpowered buildings, or Contaminate may cause inaccurate times.
  • Supply counts are checked every 10 seconds.